 Dungeon Crawl Stone Soup version 0.26-a0-540-g8a0c9464d7 (webtiles) character file.

Game seed: 13111619311043890982

15468 MalarOregon the Fighter (level 12, -3/110 HPs)
             Began as a Red Draconian Fire Elementalist on Aug 20, 2020.
             Was an Initiate of Gozag.
             Slain by a komodo dragon (14 damage)
             ... on level 2 of the Lair of Beasts on Aug 21, 2020.
             The game lasted 00:31:17 (18987 turns).

MalarOregon the Fighter (DrFE)                     Turns: 18987, Time: 00:31:18

Health: -3/110     AC: 11    Str: 12    XL:     12   Next: 1%
Magic:  14/22      EV: 17    Int: 20    God:    Gozag
Gold:   1305       SH:  0    Dex: 11    Spells: 15/25 levels left

rFire    + . .     SeeInvis +   u - +1 short sword (venom)
rCold    . . .     Faith    .   (no shield)
rNeg     . . .     Spirit   .   (armour unavailable)
rPois    .         Reflect  .   (helmet restricted)
rElec    .         Harm     .   r - +0 cloak
rCorr    +                      s - +0 pair of gloves
MR       .....                  l - +0 pair of boots
Stlth    ++........             (no amulet)
HPRegen  0.28/turn              w - ring of resist corrosion
MPRegen  0.18/turn              z - ring of see invisible

@: no status effects
A: breathe fire, unfitting armour, fire resistance 1, cold-blooded, AC +8
a: Breathe Fire, Potion Petition, Call Merchant, Bribe Branch, Renounce Religion


You were on level 2 of the Lair of Beasts.
You worshipped Gozag.
Gozag was most pleased with you.
You visited 2 branches of the dungeon, and saw 11 of its levels.

You collected 1456 gold pieces.
You paid 151 gold pieces to Gozag.

Inventory:

Hand Weapons
 e - a +2 spear of freezing
   (You took it off a wight on level 7 of the Dungeon)
 u - a +1 short sword of venom (weapon)
   (You found it on level 5 of the Dungeon)
 A - a +1 vorpal long sword
   (You found it on level 6 of the Dungeon)
Missiles
 q - 13 boomerangs (quivered)
 B - 21 poisoned darts
 G - 3 throwing nets {!f}
 K - 4 datura-tipped darts
Armour
 l - a +0 pair of boots (worn)
   (You found it on level 2 of the Dungeon)
 r - a +0 cloak (worn)
   (You found it on level 4 of the Dungeon)
 s - a +0 pair of gloves (worn)
   (You found it on level 4 of the Dungeon)
Jewellery
 w - a ring of resist corrosion (left hand)
   (You found it on level 5 of the Dungeon)
 z - a ring of see invisible (right hand)
   (You found it on level 7 of the Dungeon)
Wands
 c - a wand of disintegration (16)
   (You took it off an orc priest on level 8 of the Dungeon)
 x - a wand of acid (6)
   (You found it on level 8 of the Dungeon)
 C - a wand of enslavement (15)
   (You found it on level 7 of the Dungeon)
Scrolls
 a - a scroll of identify {@r1}
 b - 2 scrolls of teleportation {@r4}
 d - 3 scrolls of amnesia
 h - 5 scrolls of remove curse {@r2}
 i - 5 scrolls of fog
 k - 4 scrolls of magic mapping
 m - a scroll of immolation {!r}
 y - 2 scrolls of torment {!r}
 D - a scroll of enchant armour {unknown}
 F - a scroll of noise {!r}
 H - a scroll of vulnerability {!r}
Potions
 f - a potion of might
 g - a potion of heal wounds {@q2}
 j - 4 potions of flight
 n - a potion of resistance
 o - 5 potions of curing {@q1}
 p - 3 potions of ambrosia
 t - a potion of magic
 v - 2 potions of berserk rage
 E - 5 potions of stabbing
 J - 2 potions of mutation {!q}
Miscellaneous
 I - a box of beasts (inert)
   (You found it on level 1 of the Lair of Beasts)


   Skills:
 * Level 11.3 Fighting
 * Level 9.9 Dodging
 - Level 1.7 Stealth
 + Level 7.1 Spellcasting
 + Level 7.5 Conjurations
 + Level 9.7 Fire Magic


You had 15 spell levels left.
You knew the following spells:

 Your Spells              Type           Power        Failure   Level
a - Foxfire               Conj/Fire      ####         1%          1
q - Sticky Flame          Conj/Fire      #####...     2%          4
x - Fireball              Conj/Fire      #####.....   8%          5

Your spell library contained the following spells:

 Spells                   Type           Power        Failure   Level
 Conjure Flame            Conj/Fire      #####...     1%          3
 Inner Flame              Hex/Fire       ####....     3%          3
 Animate Skeleton         Necr           #.....       10%         1
 Apportation              Tloc           #.....       10%         1
 Corona                   Hex            #......      10%         1
 Freeze                   Ice            #...         10%         1
 Pain                     Necr           #...         10%         1
 Summon Small Mammal      Summ           #...         10%         1
 Call Imp                 Summ           #.......     14%         2
 Hailstorm                Conj/Ice       ###.....     21%         4
 Call Canine Familiar     Summ           #.......     28%         3
 Frozen Ramparts          Ice            #.....       28%         3
 Ozocubu's Armour         Ice            #.......     28%         3
 Summon Guardian Golem    Hex/Summ       #.......     28%         3
 Vampiric Draining        Necr           #.........   28%         3
 Animate Dead             Necr           #.........   67%         4
 Cause Fear               Hex            #.........   67%         4
 Summon Ice Beast         Ice/Summ       #.......     67%         4
 Summon Lightning Spire   Summ/Air       #.......     67%         4
 Agony                    Necr           #.......     95%         5
 Silence                  Hex/Air        #.........   95%         5
 Yara's Violent Unravell  Hex/Tmut       #.........   95%         5
 Discord                  Hex            #.........   100%        8


Dungeon Overview and Level Annotations

Branches:
Dungeon (8/15)             Temple (0/1) D:6            Lair (3/6) D:8
  Snake (0/4) Lair:3
  Swamp: Lair:2-4    Shoals: Lair:2-4

Altars:
Gozag
Trog
Xom

Annotations:
D:6 1 runed translucent door, Yorgos's ghost, novice GnDe
Lair:1 3 runed translucent doors, Somebody's ghost, novice DDDe
Lair:2 1 runed translucent door, Caleiyous's ghost, journeyman GrEE


Innate Abilities, Weirdness & Mutations

You can breathe blasts of fire.
Your fiery red scales are hard. (AC +8)
You cannot fit into any form of body armour.
Your flesh is heat resistant. (rF+)
You are cold-blooded and may be slowed by cold attacks.


Message History

You see here 2 scrolls of random uselessness.
Aim: a black mamba The sticky flame hits the black mamba!
The black mamba is covered in liquid flames!
The black mamba burns!
The black mamba closely misses you. The komodo dragon bites you!!
The cane toad stings you! The black mamba bites you.
* * * LOW HITPOINT WARNING * * *
The black mamba burns!
The black mamba burns!
The black mamba barely misses you.
The black mamba burns!
The black mamba barely misses you. The cane toad completely misses you.
The black mamba burns!
The black mamba stops burning.
The black mamba barely misses you. The black mamba misses you.
The black mamba bites you!
* * * LOW HITPOINT WARNING * * *
Aim: a black mamba (severely wounded)
The sticky flame hits the black mamba.
The black mamba is covered in liquid flames!
The black mamba burns!
The black mamba bites you.
* * * LOW HITPOINT WARNING * * *
The komodo dragon bites you!
* * * LOW HITPOINT WARNING * * *
The cane toad misses you. The black mamba misses you.
Unknown command.
The black mamba burns!
You kill the black mamba!
You have reached level 12!
Your experience leads to an increase in your attributes!
Increase (S)trength, (I)ntelligence, or (D)exterity?
You feel clever.
You feel stronger.
Your scales feel tougher.
The komodo dragon becomes distracted by the nearby gold, dreaming of imaginary riches.
The komodo dragon is no longer distracted by gold.
The cane toad misses you.
The cane toad becomes distracted by your gold, dreaming of imaginary riches.
The cane toad is no longer distracted by gold.
The cane toad becomes distracted by your gold, dreaming of imaginary riches.
You start resting.
A komodo dragon is nearby!
Aim: a komodo dragon The sticky flame hits the komodo dragon.
The komodo dragon is covered in liquid flames!
The komodo dragon burns!
The komodo dragon bites you!!
* * * LOW HITPOINT WARNING * * *
The komodo dragon burns!
The komodo dragon burns!
The komodo dragon burns!
The komodo dragon burns!
The komodo dragon bites you!
You die...
Your body crumbles into a pile of gold.

##### ####
##P#.####
#####.#.
#.....#.#
##.......
##...#..####
#........
##...#....#.#
###......
##.l.#####l.###
#...... #
##....# #.@..#
##.....
#####..####
##...## ##....
##P..F.#
##...## #.###
###...##
##...#### ##.#.
.#..###
###....# ##...
....# #####
#...### ##..##
....###...##
##....###..##
...........##
##......###
.........[..#
###...##


You could see a komodo dragon (burning).

Vanquished Creatures
  Harold (Lair:1)
  A hydra (Lair:3)
  A two-headed ogre (D:8)
  A wolf spider (Lair:3)
  2 black mambas
  6 elephants (Lair:2)
  5 cane toads
  9 blink frogs
  A troll (D:6)
  4 hippogriffs
  9 yaks (Lair:2)
  3 wargs (D:8)
  3 nagas
  6 water moccasins
  An orc warrior (D:8)
  7 porcupines
  2 sky beasts
  5 ogres
  2 centaurs
  8 crocodiles
  7 bullfrogs
  A scorpion (D:7)
  5 wights
  A howler monkey (D:6)
  A bullfrog zombie (D:7)
  A quasit (D:8)
  6 orc wizards
  A bullfrog skeleton (D:7)
  5 orc priests
  5 hounds
  2 iguanas
  Natasha (D:2)
  5 worker ants
  A hound zombie (D:6)
  A hound skeleton (D:7)
  A howler monkey zombie (D:4)
  3 gnolls (D:6)
  24 adders
  A shadow imp (D:5)
  4 white imps
  2 ufetubi
  An ooze (D:2)
  2 adder zombies
  2 worms
  A dart slug (D:1)
  A leopard gecko (D:6)
  25 orcs
  3 ball pythons
  10 bats
  7 giant cockroaches
  6 goblins
  3 hobgoblins
  6 jackals
  2 quokkas
  2 frilled lizards
  4 kobolds
  2 quokka skeletons (D:5)
  4 rats
236 creatures vanquished.

Vanquished Creatures (others)
  314 foxfires
  14 fungi
  14 plants
342 creatures vanquished.

Grand Total: 578 creatures vanquished

Notes
Turn   | Place    | Note
-------+----------+-------------------------------------------
     0 | D:1      | MalarOregon the Draconian Fire Elementalist began the quest
                  | for the Orb.
     0 | D:1      | Reached XP level 1. HP: 14/14 MP: 3/3
   316 | D:1      | Reached XP level 2. HP: 19/22 MP: 5/5
   461 | D:1      | Reached skill level 1 in Fighting
  1812 | D:2      | Reached XP level 3. HP: 28/28 MP: 6/6
  1949 | D:2      | Noticed Natasha
  1963 | D:2      | Killed Natasha
  2271 | D:2      | Reached skill level 2 in Fighting
  2271 | D:2      | Reached XP level 4. HP: 36/36 MP: 3/7
  2577 | D:3      | Noticed a sky beast
  3098 | D:3      | Killed a sky beast
  3098 | D:3      | Reached XP level 5. HP: 33/44 MP: 3/8
  3464 | D:3      | Reached skill level 3 in Fighting
  4306 | D:4      | Reached XP level 6. HP: 13/51 MP: 0/10
  5160 | D:5      | Entered Level 5 of the Dungeon
  6297 | D:6      | Noticed a sky beast
  6311 | D:6      | Killed a sky beast
  6311 | D:6      | Reached skill level 4 in Fighting
  6311 | D:6      | Your scales start taking on a fiery red colour.
  6311 | D:6      | Reached XP level 7. HP: 30/59 MP: 6/11
  6311 | D:6      | Gained mutation: Your flesh is heat resistant. (rF+) [Red
                  | Draconian growth]
  6465 | D:6      | Found a staircase to the Ecumenical Temple.
  6488 | D:6      | Reached skill level 5 in Fire Magic
  6523 | D:6      | Found a runed translucent door.
  6524 | D:6      | Noticed Yorgos's ghost (novice GnDe)
  6585 | D:6      | Got a coiled amber ring
  7241 | D:6      | Reached skill level 5 in Fighting
  7242 | D:6      | Reached XP level 8. HP: 47/68 MP: 9/13
  7257 | D:6      | Noticed a troll
  7273 | D:6      | Killed a troll
  7273 | D:6      | Reached skill level 5 in Dodging
  7368 | D:6      | Identified the ring "Liffoff" {+Fly rC- Str+4} (You found
                  | it on level 6 of the Dungeon)
  7469 | D:6      | Learned a level 4 spell: Sticky Flame
  7475 | D:6      | Learned a level 5 spell: Fireball
  7830 | D:7      | Reached skill level 6 in Fighting
  8569 | D:7      | Found a shimmering altar of Xom.
  8579 | D:7      | Found a shimmering altar of Xom.
  8581 | D:7      | Found a shimmering altar of Xom.
  8581 | D:7      | Found a shimmering altar of Xom.
  8584 | D:7      | Found a shimmering altar of Xom.
  8720 | D:8      | Noticed a hippogriff
  8730 | D:8      | Killed a hippogriff
  8774 | D:8      | Noticed a two-headed ogre
  8797 | D:8      | Killed a two-headed ogre
  8797 | D:8      | Reached skill level 7 in Fighting
  8797 | D:8      | Reached XP level 9. HP: 44/79 MP: 4/16
  9266 | D:8      | Found a staircase to the Lair.
  9312 | D:8      | Reached skill level 5 in Conjurations
  9328 | D:8      | Reached skill level 5 in Spellcasting
  9747 | D:8      | Reached skill level 8 in Fighting
 10363 | D:8      | Found an opulent altar of Gozag.
 10416 | D:8      | Became a worshipper of Gozag Ym Sagoz the Greedy
 10766 | Lair:1   | Entered Level 1 of the Lair of Beasts
 10772 | Lair:1   | Reached XP level 10. HP: 88/89 MP: 12/17
 11282 | Lair:1   | Noticed a cane toad
 11289 | Lair:1   | Killed a cane toad
 11295 | Lair:1   | Noticed a cane toad
 11304 | Lair:1   | Killed a cane toad
 11304 | Lair:1   | Reached skill level 9 in Fighting
 11567 | Lair:1   | Noticed Harold
 11576 | Lair:1   | Killed Harold
 12327 | Lair:1   | Noticed Somebody's ghost (novice DDDe)
 12349 | Lair:1   | Found a runed translucent gate.
 12349 | Lair:1   | Found a runed translucent gate.
 12349 | Lair:1   | Found a runed translucent gate.
 12350 | Lair:1   | You fall into a shaft and drop 1 floor!
 12352 | Lair:2   | Noticed an elephant
 12352 | Lair:2   | Noticed an elephant
 12354 | Lair:2   | Noticed an elephant
 12357 | Lair:2   | Noticed an elephant
 12812 | Lair:2   | Found a bloodstained altar of Trog.
 12823 | Lair:2   | Noticed a cane toad
 12834 | Lair:2   | Killed a cane toad
 12952 | Lair:2   | Found a runed translucent door.
 12952 | Lair:2   | Noticed Caleiyous's ghost (journeyman GrEE)
 13014 | Lair:2   | Noticed an elephant
 13291 | Lair:2   | Reached XP level 11. HP: 74/99 MP: 6/20
 13491 | Lair:2   | Reached skill level 10 in Fighting
 15256 | Lair:2   | Found a bloodstained altar of Trog.
 15899 | Lair:2   | Found a runed translucent door.
 16370 | Lair:3   | Noticed an eight-headed hydra
 17024 | Lair:2   | Reached skill level 11 in Fighting
 17176 | Lair:3   | Found a staircase to the Snake Pit.
 17622 | Lair:3   | Killed an eight-headed hydra
 17878 | Lair:3   | Noticed a wolf spider
 17885 | Lair:3   | Killed a wolf spider
 18964 | Lair:2   | Reached XP level 12. HP: 28/110 MP: 14/22
 18987 | Lair:2   | Slain by a komodo dragon

Illustrated notes

Levels and vault maps discovered:
D:1:      dpeg_arrival_round_b, layout_basic
D:2:      layout_basic, uniq_natasha
D:3:      layout_basic, serial_bayou, serial_bayou_pond_c, serial_bayou_pond_d,
          serial_bayou_shore_a, serial_bayou_lake_a, st_stairs_3,
          kennysheep_generic_room_13
D:4:      layout_basic
D:5:      layout_loops_ring, kennysheep_big_empty_room
D:6:      layout_loops_ring, minmay_temple_entry_statues_pillars,
          hellmonk_ghost_happy_afterlife
D:7:      layout_layer_cave, xom_redecorated
D:8:      layout_rooms, kennysheep_mini_moat, erik_lair_orcish_takeover,
          minmay_misc_feat_doors, minmay_misc_feat_room
Lair:1:   layout_regular_city, gammafunk_ghost_icy, grunt_forest_stairs_basic,
          grunt_megastairs_4, uniq_harold
Lair:2:   layout_cave_pods, ebering_ghost_inner_flame, basic_altar,
          small_statue_intersection
Lair:3:   minmay_lair_venomous_thicket, layout_big_grid,
          minmay_snake_entry_guardpost_small, serial_bayou_pond_e,
          nzn_random_ring

Skill      XL: |  1  2  3  4  5  6  7  8  9 10 11 |
---------------+----------------------------------+-----
Dodging        | 2 3 4 6 7 8 9 |  9.9
Fighting       | 1 2 3 4 5 7 8 9 11 | 11.3
Conjurations   | 2 3 4 5 6 7 |  7.5
Spellcasting   | 3 4 5 6 7 |  7.1
Fire Magic     | 4 5 6 7 8 9 |  9.7
Stealth        | |  1.7

Action                   |  1- 3 |  4- 6 |  7- 9 | 10-12 || total
-------------------------+-------+-------+-------+-------++-------
Melee: Unarmed           |    89 |       |       |       ||    89
       Tailslap          |    13 |    10 |    40 |    18 ||    81
       Short sword       |    43 |   125 |   291 |   193 ||   652
Throw: Boomerang         |       |       |     6 |       ||     6
 Cast: Foxfire           |    22 |   110 |    37 |    21 ||   190
       Sticky Flame      |       |       |    18 |    78 ||    96
       Fireball          |       |       |       |    11 ||    11
 Abil: Breathe Fire      |       |       |     4 |     4 ||     8
Evoke: Wand              |       |       |     2 |     3 ||     5
       Box of beasts     |       |       |       |     3 ||     3
  Use: Scroll            |       |     9 |     1 |    13 ||    23
 Stab: Sleeping          |     3 |     2 |     2 |       ||     7
Armor: Skin              |    53 |    72 |   127 |    93 ||   345
Dodge: Dodged            |   111 |   148 |   274 |   251 ||   784

Table legend: (Time is in decaauts)
 A = Elapsed time spent in this place.
 B = Non-inter-level travel time spent in this place.
 C = Inter-level travel time spent in this place.
 D = Time resting spent in this place.
 E = Time spent auto-exploring this place.
 F = Levels seen in this place.
 G = Mean time per level.
                   A        B        C        D        E       F      G
               +--------+--------+--------+--------+--------+-----+--------+
         Total |  19112 |  18516 |    596 |   6323 |   9510 |  11 | 1737.5 |
       Dungeon |  10858 |  10494 |    364 |   2831 |   5979 |   8 | 1357.2 |
          Lair |   8253 |   8021 |    232 |   3492 |   3531 |   3 | 2751.0 |
               +--------+--------+--------+--------+--------+-----+--------+

Top non-repeatable levels by time:
  Lair:2: 4953 daAuts
  Lair:1: 2009 daAuts
     D:8: 1794 daAuts
     D:1: 1596 daAuts
     D:7: 1493 daAuts
     D:3: 1369 daAuts
     D:2: 1306 daAuts
     D:6: 1296 daAuts
  Lair:3: 1290 daAuts
     D:5: 1044 daAuts
     D:4: 956 daAuts
